 Dungeon Crawl Stone Soup version 0.17-a0-1842-gacc33f2 (webtiles) character file.

392 HiobMontag the Conjurer (level 6, -1/45 HPs)
             Began as a Tengu Conjurer on Sept 17, 2015.
             Was an Initiate of Makhleb.
             Slain by a mummy (5 damage)
             ... in an ossuary.
             The game lasted 00:25:52 (4222 turns).

HiobMontag the Conjurer (Tengu Conjurer)            Turns: 4222, Time: 00:25:52

Health: -1/45      AC: 23    Str:  8    XL:     6   Next: 80%
Magic:  4/12       EV:  2    Int: 17    God:    Makhleb [......]
Gold:   208        SH:  0    Dex: 20    Spells: 4 memorised, 2 levels left

rFire  . . .     SeeInvis .     h - +1 hand axe
rCold  . . .     Clarity  .     (armour currently unavailable)
rNeg   + + +     SustAt   .     (no shield)
rPois  +         Gourm    .     (helmet currently unavailable)
rElec  .         Spirit   .     (cloak currently unavailable)
rCorr  .         Warding  .     (gloves currently unavailable)
rMut   .         NoTele   +     (boots unavailable)
MR     .....                    (no amulet)
Stlth  ++++......               (no ring)
                                (no ring)

@: agile, exhausted, tree-form, hasted, very quick, not resistant to hostile
enchantments, stealthy
A: (beak), (talons 0), (cold resistance 0), frail 1, (electricity resistance),
able to fly 1
a: Fly, Renounce Religion


You were in an ossuary.
You worshipped Makhleb.
Makhleb was noncommittal.
You were not hungry.
You were a tree.
You visited 2 branches of the dungeon, and saw 6 of its levels.
You also visited: Ossuary.

You collected 208 gold pieces.

Inventory:

Hand weapons
 e - a +0 dagger of freezing
 h - a +1 hand axe (weapon)
 i - a +0 mace
 n - a +0 war axe
 o - a +2 dagger of venom
Missiles
 d - 76 stones (quivered)
Armour
 a - a +1 robe
 j - a +2 large shield
 q - a +2 robe of magic resistance (melded)
Magical staves
 y - an uncursed staff of conjuration {unknown}
Jewellery
 l - an uncursed ring of wizardry {unknown}
 m - an uncursed amulet of regeneration {unknown}
 r - an uncursed ring of protection from cold {unknown}
Magical devices
 v - a wand of frost (13)
Scrolls
 s - a scroll of fog
 t - a scroll of remove curse
 u - 3 scrolls of enchant weapon
 w - a scroll of fear
 x - a scroll of amnesia {unknown}
Potions
 p - a potion of lignification
 z - a potion of berserk rage
Books
 b - a book of Conjurations

   Spells                             Type                      Level
   a - Magic Dart                     Conjuration                  1
   b - Searing Ray                    Conjuration                  2
   c - Dazzling Spray                 Conjuration/Hexes            3
   d - Fulminant Prism                Conjuration/Hexes            4
   e - Iskenderun's Mystic Blast      Conjuration                  4
   f - Iskenderun's Battlesphere      Conjuration/Charms           5
Comestibles
 c - 2 bread rations
 f - 5 fruits
 g - a royal jelly
 k - a meat ration


   Skills:
 + Level 1.5 Fighting
 + Level 0.9 Axes
 + Level 3.7 Dodging
 + Level 2.9 Stealth
 + Level 3.5 Spellcasting
 + Level 7.7 Conjurations


You had 2 spell levels left.
You knew the following spells:

 Your Spells              Type           Power        Failure   Level  Hunger
a - Magic Dart            Conj           ####         1%          1    None
b - Searing Ray           Conj           ####..       1%          2    ##.....
c - Dazzling Spray        Conj/Hex       ###.....     12%         3    ###....
d - Iskenderun's Mystic   Conj           ####....     10%         4    ####...


Dungeon Overview and Level Annotations

Branches:
Dungeon (5/15)             Temple (1/1) D:4

Altars:
Cheibriados
Dithmenos
Elyvilon
Gozag
Makhleb
Nemelex Xobeh
Okawaru
Qazlal
Sif Muna
Trog
Vehumet
Yredelemnul
Zin
The Shining One

Shops:
D:4 }


Innate Abilities, Weirdness & Mutations

((You have a beak for a mouth.))
((You have claws for feet.))
You can fly.
((Your flesh is cold resistant.))
You are frail (-10% HP).
((You are resistant to electric shocks.))


Message History

You hit the mummy.
The mummy is lightly damaged.
You hit the mummy.
The mummy is heavily damaged.
You feel yourself speed up. The mummy hits you! x2
* * * LOW HITPOINT WARNING * * *
The mummy completely misses you.
Drink which item? (? for menu, Esc to quit)
It was a potion of agility.
You feel agile all of a sudden. The mummy hits you.
* * * LOW HITPOINT WARNING * * *
The mummy barely misses you.
Drink which item? (? for menu, Esc to quit)
It was a potion of haste.
You feel yourself speed up. The mummy hits you but does no damage.
The mummy hits you.
* * * LOW HITPOINT WARNING * * *
The mummy hits you.
You die...

#....#
#....#
#....#
#....#
#....#
#....#
#...M#
#..MM#
#.ZM♣#
######


You could see 4 mummies and a big kobold zombie.

Vanquished Creatures
  A scorpion (D:4)
  A giant frog skeleton (D:5)
  2 worker ants (D:4)
  A hound (D:3)
  2 orc wizards
  A hound skeleton (D:4)
  4 mummies
  3 adders (D:4)
  An adder skeleton (D:4)
  4 worms (D:2)
  5 giant geckos
  7 orcs
  A ball python (D:1)
  6 goblins
  5 hobgoblins
  9 jackals
  2 quokkas
  7 bats
  2 giant cockroaches
  3 giant newts
  2 gnoll zombies (Ossuary)
  A hobgoblin zombie (Ossuary)
  5 kobolds
  2 kobold zombies (Ossuary)
  2 orc zombies (Ossuary)
  4 rats
83 creatures vanquished.

Vanquished Creatures (others)
  An adder (D:2)
1 creature vanquished.

Grand Total: 84 creatures vanquished

Notes
Turn   | Place    | Note
--------------------------------------------------------------
     0 | D:1      | HiobMontag the Tengu Conjurer began the quest for the Orb.
     0 | D:1      | Reached XP level 1. HP: 10/10 MP: 4/4
   367 | D:1      | Reached XP level 2. HP: 15/15 MP: 1/6
   494 | D:1      | Learned a level 2 spell: Searing Ray
   580 | D:1      | Reached skill level 6 in Conjurations
   723 | D:1      | Gained mutation: You are frail (-10% HP). [potion of mutation]
   723 | D:1      | Gained mutation: Your flesh is cold resistant. [potion of mutation]
   723 | D:1      | Gained mutation: You are resistant to electric shocks. [potion of mutation]
   938 | D:2      | Reached XP level 3. HP: 17/17 MP: 4/7
  1100 | D:2      | Learned a level 3 spell: Dazzling Spray
  1390 | D:2      | Found a sparkling altar of Nemelex Xobeh.
  1856 | D:2      | Reached XP level 4. HP: 19/21 MP: 1/8
  2207 | D:3      | Gained mutation: You can fly. [Tengu growth]
  2207 | D:3      | Reached XP level 5. HP: 20/25 MP: 1/10
  2448 | D:3      | Found a snail-covered altar of Cheibriados.
  2595 | D:4      | Reached skill level 7 in Conjurations
  2627 | D:4      | Found a staircase to the Ecumenical Temple.
  2671 | Temple   | Entered the Ecumenical Temple
  2748 | Temple   | Became a worshipper of Makhleb the Destroyer
  2819 | D:4      | Reached skill level 1 in Fighting
  3091 | D:4      | Reached XP level 6. HP: 30/30 MP: 7/12
  3546 | D:4      | Found a bloodstained altar of Trog.
  3696 | D:4      | Found Qem Dodu's Gadget Emporium.
  3875 | D:5      | Entered Level 5 of the Dungeon
  3891 | D:5      | Found a sand-covered staircase.
  4030 | Ossuary  | Entered an ossuary
  4137 | Ossuary  | Learned a level 4 spell: Iskenderun's Mystic Blast
  4222 | Ossuary  | Slain by a mummy

Vault maps used:
D:1:      sevenhm_arrival_forest_fort_small_5
D:2:      nemelex_altar_shiori, first_bread, minmay_box_of_dots
D:3:      cheibriados_altar_1
D:4:      minmay_temple_entry_trees, serial_shops, nicolae_shop_trees,
          bloody_trog
D:5:      grunt_temple_overflow_growth_and_decay, minitemple,
          nicolae_ossuary_entry_giza, uniq_edmund
Temple:   temple_eino_lava_12
Ossuary:  ossuary_tomb_3

Action                   |  1- 3 |  4- 6 || total
-------------------------+-------+-------++-------
Melee: Dagger            |     2 |       ||     2
       Hand axe          |    14 |    37 ||    51
Throw: Stone             |     1 |       ||     1
 Cast: Magic Dart        |    46 |    63 ||   109
       Searing Ray       |     8 |    12 ||    20
       Dazzling Spray    |       |     3 ||     3
       Iskenderun's Myst |       |     3 ||     3
  Use: Potion            |     2 |     4 ||     6
       Scroll            |     3 |     8 ||    11
  Eat: Chunk             |     3 |     7 ||    10
       Meat ration       |       |     1 ||     1
